 Dungeon Crawl Stone Soup version 0.32-a0-18-g89e19f1974 (webtiles) character file.

Game seed: 8316702031998316091

12577 Midn8 the Nimble (level 11, 0/84 HPs)
             Began as a Gnoll Hexslinger on Jan 12, 2024.
             Was the Champion of Cheibriados.
             Slain by a stone giant (31 damage)
             ... in a volcano on Jan 16, 2024.
             The game lasted 00:38:22 (11329 turns).

Midn8 the Nimble (Gnoll Hexslinger)                Turns: 11329, Time: 00:38:23

Health: 0/84       AC: 16    Str: 23    XL:     11   Next: 95%
Magic:  0/22       EV: 20    Int: 29    God:    Cheibriados [******]
Gold:   106        SH:  0    Dex: 32    Spells: 6/25 levels left

rFire   + . .        b - +3 demon blade (venom)
rCold   x . .        (no shield)
rNeg    . . .        F - +0 swamp dragon scales
rPois   +            K - +0 helmet
rElec   .            j - +0 cloak
rCorr   .            I - +0 pair of gloves
SInv    .            D - +2 pair of boots
Will    .....        s - amulet of guardian spirit
Stlth   ++++         x - ring of fire
HPRegen 0.34/turn    (no ring)
MPRegen 0.18/turn

%: guardian spirit
@: very slow
A: fangs 1, strong nose, distributed training
a: Renounce Religion, Bend Time, Temporal Distortion, Slouch, Step From Time


You were in a volcano.
You worshipped Cheibriados.
Cheibriados was exalted by your worship.
You visited 2 branches of the dungeon, and saw 11 of its levels.
You also visited: Volcano.

You collected 659 gold pieces.
You spent 553 gold pieces at shops.

Inventory:

Hand Weapons
 a - a +0 orcbow
 b - a +3 demon blade of venom (weapon)
 A - a +1 sling
 E - the +7 whip "Plog" {venom, Fly rN+ Int+4}
   (You found it on level 6 of the Dungeon)

   Int+4:     It affects your intelligence (+4).
   rN+:       It protects you from negative energy.
   Fly:       It grants you flight.
Missiles
 o - 2 throwing nets (quivered)
 y - 7 boomerangs
 G - 19 poisoned darts
Armour
 c - a +0 robe
 j - a +0 cloak (worn)
 k - a +0 kite shield
 t - a +0 pair of boots
 z - the +3 leather armour of Classification {rC+}
   (You bought it in a shop on level 3 of the Dungeon)

   rC+:       It protects you from cold.
 D - a +2 pair of boots (worn)
 F - +0 swamp dragon scales (worn)
 I - a +0 pair of gloves (worn)
 K - a +0 helmet (worn)
Magical Staves
 r - a staff of death
Jewellery
 s - an amulet of guardian spirit (around neck)
 x - a ring of fire (left hand)
Talismans
 B - a beast talisman
Wands
 L - a wand of roots (1)
Scrolls
 d - a scroll of immolation
 g - 3 scrolls of revelation
 i - a scroll of vulnerability {unknown}
 p - a scroll of silence {unknown}
 q - a scroll of enchant armour {unknown}
 u - a scroll of noise
 v - a scroll of teleportation
 C - a scroll of fog {unknown}
 M - 3 scrolls of poison
 N - a scroll of amnesia {unknown}
 O - a scroll of summoning {unknown}
Potions
 f - 2 potions of cancellation
 h - 3 potions of curing
 l - 2 potions of heal wounds
 m - 2 potions of degeneration
 n - 3 potions of enlightenment
 w - 3 potions of mutation
 H - a potion of brilliance {unknown}
 J - a potion of attraction


   Skills:
 + Level 7.5 Fighting
 + Level 7.0 Short Blades
 + Level 7.0 Long Blades
 + Level 7.0 Axes
 + Level 7.0 Maces & Flails
 + Level 7.0 Polearms
 + Level 7.0 Staves
 + Level 8.5 Ranged Weapons
 + Level 7.0 Throwing
 + Level 7.0 Armour
 + Level 8.5 Dodging
 + Level 7.0 Stealth
 + Level 7.0 Shields
 + Level 7.0 Unarmed Combat
 + Level 7.6 Spellcasting
 + Level 5.8 Conjurations
 + Level 8.1 Hexes
 + Level 5.8 Summonings
 + Level 5.8 Necromancy
 + Level 5.8 Translocations
 + Level 6.2 Fire Magic
 + Level 5.8 Ice Magic
 + Level 5.8 Air Magic
 + Level 5.8 Earth Magic
 + Level 5.8 Alchemy
 + Level 7.7 Invocations
 + Level 7.0 Evocations
 + Level 6.4 Shapeshifting


You had 6 spell levels left.
You knew the following spells:

 Your Spells              Type           Power      Damage    Failure   Level
b - Summon Blazeheart Go  Fire/Summ      62%        N/A       6%          4
e - Cause Fear            Hex            27%        N/A       2%          4
f - Inner Flame           Hex/Fire       68%        N/A       1%          3
s - Dimensional Bullseye  Hex/Tloc       25%        N/A       4%          4
x - Jinxbite              Hex            100%       N/A       1%          2
B - Blink                 Tloc           90%        N/A       1%          2

Your spell library contained the following spells:

 Spells                   Type           Power      Damage    Failure   Level
 Magic Dart               Conj           100%       1d8       1%          1
 Slow                     Hex            100%       N/A       1%          1
 Call Imp                 Summ           90%        N/A       1%          2
 Lesser Beckoning         Tloc           90%        N/A       1%          2
 Momentum Strike          Conj/Tloc      90%        3d10      1%          2
 Sublimation of Blood     Necr           45%        N/A       1%          2
 Confusing Touch          Hex            55%        N/A       1%          3
 Sigil of Binding         Hex            55%        N/A       1%          3
 Orb of Destruction       Conj           22%        9d8       99%         7
 Spellforged Servitor     Conj/Summ      22%        N/A       99%         7
 Summon Hydra             Summ           22%        N/A       99%         7


Dungeon Overview and Level Annotations

Branches:
Dungeon (10/15)            Temple (0/1) D:4            Lair (1/5) D:8
    Orc (0/2) D:9         Volcano (1/1)

Altars:
Cheibriados
Gozag
Hepliaklqana
Kikubaaqudgha
Makhleb
Ru
Sif Muna
Trog
Yredelemnul
Zin

Shops:
D:2 (   D:3 [   D:4 :([:!   D:10 [[(:


Innate Abilities, Weirdness & Mutations

You have very sharp teeth.
Your uncanny sense of smell can sniff out nearby items.
Your experience applies equally to all skills.


Message History

You bite the stone giant, but do no damage.
The stone giant is moderately wounded.
The stone giant closely misses you.
You hit the stone giant but do no damage.
The stone giant looks as sick as possible!
The stone giant is moderately wounded.
The stone giant barely misses you.
You hit the stone giant but do no damage.
The stone giant looks as sick as possible!
The stone giant is moderately wounded.
The stone giant completely misses you.
You hit the stone giant.
The stone giant looks as sick as possible!
The stone giant is moderately wounded.
The stone giant closely misses you.
You hit the stone giant but do no damage.
The stone giant looks as sick as possible!
You bite the stone giant, but do no damage.
The stone giant is moderately wounded.
The stone giant closely misses you.
You slash the stone giant!
The stone giant looks as sick as possible!
You bite the stone giant, but do no damage.
The stone giant is heavily wounded.
The stone giant hits you!
You slice the stone giant!!
The stone giant looks as sick as possible!
The stone giant is almost dead.
You hit the stone giant but do no damage.
You bite the stone giant, but do no damage.
The stone giant is almost dead.
The stone giant hits you!
You hit the stone giant.
The stone giant looks as sick as possible!
The stone giant is almost dead.
The stone giant misses you.
You hit the stone giant but do no damage.
The stone giant is almost dead.
The stone giant hits you!!!
You die...

≈§≈≈≈≈≈≈≈≈≈≈≈§≈§≈≈≈§≈§≈§≈≈≈≈≈≈≈≈≈
≈≈≈≈≈≈§≈≈≈§≈§≈§§≈§≈≈≈..§§.§§≈≈≈≈≈
≈≈§≈≈§≈........§.§........§≈§≈≈≈≈
≈≈§§§≈§.#################.≈≈≈§≈≈≈
§§§§§§..# '.....+ #.§≈≈§§≈≈
≈≈≈§§§≈.# .8_8. #.≈≈≈≈§≈≈
§≈≈§≈≈..# ... #.≈≈≈≈§≈≈
≈≈≈§≈§≈.###++###C###++###.§≈≈≈§≈≈
§≈§§≈≈..#......#@#......#.≈≈§§≈§§
°≈≈§≈≈≈.######.#.#.######..≈≈≈≈≈≈
§§§§≈≈≈.# ∆∆∆ #)# ∆∆∆ #.≈§§≈≈§≈
§≈§≈≈≈≈.# ∆∆∆ #.# ∆∆∆ #.≈§§≈§§≈
§§≈≈≈≈..# ∆∆ #.# ∆∆ #.≈≈≈≈≈§≈
§§≈§≈≈≈.# #.# #§.§≈≈§≈≈
○°§≈≈§≈○########+########§§≈≈≈§§≈
...§§§......§§....§.....§§.≈≈≈≈≈§
§≈≈..§≈≈.≈§§≈≈§≈§§≈≈§.≈≈§≈§≈§≈≈≈§


You could see a stone giant (extremely poisoned).

Vanquished Creatures
  A two-headed ogre (D:9)
  4 black mambas (Lair:1)
  2 gargoyles
  Maggie (D:7)
  A cane toad (Lair:1)
  Jeremiah (D:7)
  A komodo dragon (Lair:1)
  An efreet (Volcano)
  Grinder (D:6)
  A hornet (D:10)
  2 wyverns
  Grum (Lair:1)
  2 fire bats (Volcano)
  2 steam dragons (D:8)
  13 yaks
  3 water moccasins
  2 sky beasts
  5 orc warriors
  6 black bears
  An ice beast (D:7)
  2 ogres
  5 centaurs
  6 wolves (Lair:1)
  3 kobold brigands
  6 bullfrogs
  An earth elemental (Volcano)
  A scorpion (D:8)
  3 bombardier beetles
  7 howler monkeys
  5 lava snakes (Volcano)
  3 hounds
  A gnoll bouda (D:5)
  5 orc priests
  A sleepcap (D:5)
  2 iguanas
  Terence (D:3)
  Natasha (twice) (D:3)
  9 orc wizards
  6 adders
  9 gnolls
  8 river rats (D:5)
  3 shadow imps
  A white imp (D:6)
  4 ufetubi
  3 dart slugs
  3 ribbon worms
  40 orcs
  5 ball pythons
  10 endoplasms
  4 giant cockroaches
  7 goblins
  10 hobgoblins
  11 jackals
  21 kobolds
  10 quokkas
  5 bats
  5 frilled lizards
  18 rats
297 creatures vanquished.

Vanquished Creatures (collateral kills)
  A cane toad (Lair:1)
  A gargoyle (Volcano)
  A wolf (Lair:1)
3 creatures vanquished.

Vanquished Creatures (others)
  5 blazeheart cores
5 creatures vanquished.

Grand Total: 305 creatures vanquished

Notes
Turn   | Place    | Note
-------+----------+-------------------------------------------
     0 | D:1      | Midn8 the Gnoll Hexslinger began the quest for the Orb.
     0 | D:1      | Reached XP level 1. HP: 17/17 MP: 4/4
     0 | D:1      | Upgraded the game from 0.31-a0-1626-g5cb510d322 to
                  | 0.32-a0-18-g89e19f1974
   297 | D:1      | Reached XP level 2. HP: 23/23 MP: 5/5
   463 | D:1      | Learned a level 2 spell: Jinxbite
   830 | D:2      | Found Ruquvirghex's Antique Weapon Emporium.
   921 | D:2      | Reached XP level 3. HP: 28/28 MP: 7/7
  1208 | D:2      | Reached skill level 1 in Invocations
  1264 | D:2      | Reached skill level 1 in Short Blades
  1264 | D:2      | Reached skill level 1 in Long Blades
  1264 | D:2      | Reached skill level 1 in Axes
  1264 | D:2      | Reached skill level 1 in Maces & Flails
  1264 | D:2      | Reached skill level 1 in Polearms
  1264 | D:2      | Reached skill level 1 in Staves
  1264 | D:2      | Reached skill level 1 in Throwing
  1264 | D:2      | Reached skill level 1 in Armour
  1264 | D:2      | Reached skill level 1 in Stealth
  1264 | D:2      | Reached skill level 1 in Shields
  1264 | D:2      | Reached skill level 1 in Unarmed Combat
  1264 | D:2      | Reached skill level 1 in Evocations
  1813 | D:2      | Reached skill level 1 in Shapeshifting
  1813 | D:2      | Reached XP level 4. HP: 12/34 MP: 5/8
  2274 | D:3      | Found a faded altar of an unknown god.
  2390 | D:3      | Noticed Terence
  2398 | D:3      | Killed Terence
  2399 | D:3      | Reached skill level 1 in Conjurations
  2399 | D:3      | Reached skill level 1 in Summonings
  2399 | D:3      | Reached skill level 1 in Necromancy
  2399 | D:3      | Reached skill level 1 in Translocations
  2399 | D:3      | Reached skill level 1 in Ice Magic
  2399 | D:3      | Reached skill level 1 in Air Magic
  2399 | D:3      | Reached skill level 1 in Earth Magic
  2399 | D:3      | Reached skill level 1 in Alchemy
  2441 | D:3      | Found Muqou's Antique Armour Shop.
  2509 | D:3      | Found a snail-covered altar of Cheibriados.
  2519 | D:3      | Reached XP level 5. HP: 40/40 MP: 5/9
  2525 | D:3      | Became a worshipper of Cheibriados the Contemplative
  2581 | D:3      | Noticed Natasha
  2584 | D:3      | Killed Natasha
  2607 | D:3      | Found a bloodstained altar of Trog.
  2927 | D:3      | Noticed Natasha
  2931 | D:3      | Killed Natasha
  2932 | D:3      | Reached XP level 6. HP: 47/47 MP: 7/11
  2990 | D:4      | Found Igrokkoarch's Book Emporium.
  3038 | D:4      | Reached * piety under Cheibriados
  3139 | D:4      | Reached skill level 5 in Ranged Weapons
  3139 | D:4      | Reached skill level 5 in Dodging
  3141 | D:4      | Found a glowing silver altar of Zin.
  3158 | D:4      | Found Agrisi's Weapon Boutique.
  3286 | D:4      | Found an ancient bone altar of Kikubaaqudgha.
  3286 | D:4      | Found a sacrificial altar of Ru.
  3312 | D:4      | Found Tiviagg's Book Shoppe.
  3405 | D:4      | Found a staircase to the Ecumenical Temple.
  3440 | D:4      | Found a shimmering blue altar of Sif Muna.
  3520 | D:4      | Found Moppac's Antique Armour Boutique.
  3696 | D:4      | Found Jiliodec's Distillery.
  3926 | D:3      | Bought a faintly glowing leather armour for 168 gold pieces
  3926 | D:3      | Identified the +3 leather armour of Classification {rC+}
                  | (You bought it in a shop on level 3 of the Dungeon)
  4022 | D:5      | Entered Level 5 of the Dungeon
  4022 | D:5      | Noticed a black bear
  4037 | D:5      | Killed a black bear
  4101 | D:5      | Reached XP level 7. HP: 52/52 MP: 10/12
  4135 | D:5      | Reached ** piety under Cheibriados
  4441 | D:5      | Learned a level 2 spell: Blink
  4445 | D:5      | Learned a level 3 spell: Inner Flame
  4604 | D:5      | Found a burning altar of Makhleb.
  4604 | D:5      | Found a basalt altar of Yredelemnul.
  4605 | D:5      | Found a hazy altar of Hepliaklqana.
  4626 | D:5      | Found an opulent altar of Gozag.
  4948 | D:5      | Reached XP level 8. HP: 60/60 MP: 9/14
  4956 | D:5      | Reached *** piety under Cheibriados
  5166 | D:5      | Learned a level 4 spell: Cause Fear
  5311 | D:6      | Reached **** piety under Cheibriados
  5477 | D:6      | Identified the +7 whip "Plog" {venom, Fly rN+ Int+4}
  5641 | D:6      | Noticed Grinder
  5646 | D:6      | Killed Grinder
  5647 | D:6      | Reached XP level 9. HP: 63/67 MP: 13/16
  5693 | D:6      | Reached skill level 5 in Spellcasting
  6008 | D:7      | Noticed Maggie
  6024 | D:7      | Killed Maggie
  6025 | D:7      | Reached skill level 5 in Fighting
  6203 | D:7      | Noticed Jeremiah
  6274 | D:6      | Learned a level 4 spell: Dimensional Bullseye
  6310 | D:7      | Killed Jeremiah
  6311 | D:7      | Reached skill level 5 in Invocations
  6521 | D:7      | Reached ***** piety under Cheibriados
  7186 | D:8      | Reached skill level 5 in Short Blades
  7186 | D:8      | Reached skill level 5 in Long Blades
  7186 | D:8      | Reached skill level 5 in Axes
  7186 | D:8      | Reached skill level 5 in Maces & Flails
  7186 | D:8      | Reached skill level 5 in Polearms
  7186 | D:8      | Reached skill level 5 in Staves
  7186 | D:8      | Reached skill level 5 in Throwing
  7186 | D:8      | Reached skill level 5 in Armour
  7186 | D:8      | Reached skill level 5 in Stealth
  7186 | D:8      | Reached skill level 5 in Shields
  7186 | D:8      | Reached skill level 5 in Unarmed Combat
  7186 | D:8      | Reached skill level 5 in Evocations
  7186 | D:8      | Reached XP level 10. HP: 76/76 MP: 18/18
  7627 | D:8      | Found a staircase to the Lair.
  7634 | D:8      | Reached skill level 5 in Fire Magic
  7848 | D:8      | Reached skill level 5 in Shapeshifting
  7881 | D:8      | Identified the orb of the Great Game {*channel, Rampage
                  | Int+2}
  8543 | D:9      | Noticed a two-headed ogre
  8550 | D:9      | Killed a two-headed ogre
  8616 | D:9      | Reached skill level 5 in Conjurations
  8616 | D:9      | Reached skill level 5 in Summonings
  8616 | D:9      | Reached skill level 5 in Necromancy
  8616 | D:9      | Reached skill level 5 in Translocations
  8616 | D:9      | Reached skill level 5 in Ice Magic
  8616 | D:9      | Reached skill level 5 in Air Magic
  8616 | D:9      | Reached skill level 5 in Earth Magic
  8616 | D:9      | Reached skill level 5 in Alchemy
  8616 | D:9      | Reached XP level 11. HP: 83/83 MP: 17/21
  8810 | D:9      | Learned a level 4 spell: Summon Blazeheart Golem
  9301 | D:9      | Found a staircase to the Orcish Mines.
  9553 | D:10     | Entered Level 10 of the Dungeon
  9924 | D:4      | Bought a +3 demon blade of venom for 385 gold pieces
 10018 | D:10     | Found Juexkos's Armour Emporium.
 10026 | D:10     | Found Vomos's Book Shoppe.
 10026 | D:10     | Noticed a walking crystal tome
 10029 | D:10     | Noticed a walking divine tome
 10090 | D:10     | Found Malusot's Armour Shop.
 10311 | D:10     | Got Fusit's Collected Works on Enchantment
 10515 | D:10     | Found Yriapiuc's Antique Weapon Emporium.
 10620 | Lair:1   | Entered Level 1 of the Lair of Beasts
 10890 | Lair:1   | Noticed Grum
 10903 | Lair:1   | Killed Grum
 10911 | Lair:1   | Reached ****** piety under Cheibriados
 11081 | Lair:1   | Found a dark tunnel.
 11090 | Volcano  | Entered a volcano
 11213 | Volcano  | Found a radiant altar of Vehumet.
 11310 | Volcano  | Noticed a stone giant
 11329 | Volcano  | Slain by a stone giant

Illustrated notes

Levels and vault maps discovered:
D:1:      dpeg_arrival_lava_altar, layout_basic
D:2:      layout_basic, serial_shops, nicolae_shop_tiny_glass,
          dreamdust_princess_bridge, minmay_misc_feat_pillars, minivault_26
D:3:      layout_basic, slow_altar_2, general_overflow_altar, serial_shops,
          nicolae_shop_dealshenge, nicolae_ecumenical_lake_church,
          kennysheep_generic_room_3, uniq_terence, uniq_natasha
D:4:      layout_loops_ring, mainiacjoe_overflow_paths,
          mainiacjoe_overflow_divided_tiny, hellmonk_sif_muna_bookshelves,
          minmay_temple_entry_waves, serial_shops, shop,
          nicolae_shop_rolling_square, shop_statue, nicolae_shop_hallway_stairs,
          nicolae_inconvenience_store
D:5:      lemuel_ratsnest, layout_basic, nicolae_overflow_quartered_altars
D:6:      layout_cave_pools, uniq_grinder
D:7:      layout_loops_ring, serial_bayou_crossing, uniq_maggie, uniq_jeremiah
D:8:      layout_loops_ring, due_lair_maze_entry_diamond,
          minmay_fractal_squares_gapless_5
D:9:      layout_layer_cave, orc_0_dummy, minmay_misc_feat_iff
D:10:     layout_gridville, serial_shops, shop, shop, shop,
          nicolae_shop_mannequins
Lair:1:   layout_chaotic_city, lightli_volcano_entry_magma_tube,
          serial_bayou_shore_a, uniq_grum
Volcano:  volcano_lake [vl_original]

Skill      XL: |  1  2  3  4  5  6  7  8  9 10 11 |
---------------+----------------------------------+-----
Fire Magic     | 2 3 4 5 6 |  6.2
Invocations    | 1 2 3 4 5 6 7 |  7.7
Short Blades   | 1 2 3 5 6 7 |  7.0
Long Blades    | 1 2 3 5 6 7 |  7.0
Axes           | 1 2 3 5 6 7 |  7.0
Maces & Flails | 1 2 3 5 6 7 |  7.0
Polearms       | 1 2 3 5 6 7 |  7.0
Staves         | 1 2 3 5 6 7 |  7.0
Throwing       | 1 2 3 5 6 7 |  7.0
Armour         | 1 2 3 5 6 7 |  7.0
Stealth        | 1 2 3 5 6 7 |  7.0
Shields        | 1 2 3 5 6 7 |  7.0
Unarmed Combat | 1 2 3 5 6 7 |  7.0
Evocations     | 1 2 3 5 6 7 |  7.0
Shapeshifting  | 1 2 3 4 5 6 |  6.4
Spellcasting   | 3 4 5 6 7 |  7.6
Conjurations   | 1 2 3 4 5 |  5.8
Summonings     | 1 2 3 4 5 |  5.8
Necromancy     | 1 2 3 4 5 |  5.8
Translocations | 1 2 3 4 5 |  5.8
Ice Magic      | 1 2 3 4 5 |  5.8
Air Magic      | 1 2 3 4 5 |  5.8
Earth Magic    | 1 2 3 4 5 |  5.8
Alchemy        | 1 2 3 4 5 |  5.8
Fighting       | 3 4 5 6 7 |  7.5
Ranged Weapons | 5 6 7 8 |  8.5
Dodging        | 5 6 7 8 |  8.5
Hexes          | 6 7 8 |  8.1

Action                     |  1- 3 |  4- 6 |  7- 9 | 10-12 || total
---------------------------+-------+-------+-------+-------++-------
  Melee: Orcbow            |       |       |     1 |       ||     1
         Whip              |       |       |    25 |       ||    25
         Bite              |       |       |     5 |     5 ||    10
         Punch             |       |       |     1 |     4 ||     5
         Demon blade       |       |       |       |    26 ||    26
   Fire: Sling             |   115 |   149 |    28 |       ||   292
         Orcbow            |       |       |   291 |   307 ||   598
   Cast: Jinxbite          |     8 |    26 |    27 |     8 ||    69
         Dimensional Bulls |       |       |     3 |     4 ||     7
         Inner Flame       |       |       |       |    12 ||    12
         Cause Fear        |       |       |       |     4 ||     4
         Summon Blazeheart |       |       |       |     9 ||     9
 Invoke: Bend Time         |       |     1 |       |       ||     1
  Evoke: Wand              |       |       |       |     1 ||     1
    Use: Scroll            |       |     8 |     2 |     4 ||    14
         Potion            |       |       |       |     2 ||     2
 Armour: Robe              |    30 |    24 |       |       ||    54
         Leather armour    |       |    12 |    79 |       ||    91
         Swamp dragon scal |       |       |    41 |   115 ||   156
         Skin              |       |       |       |    10 ||    10
  Dodge: Dodged            |    29 |    55 |   183 |   200 ||   467
  Block: Kite shield       |       |       |       |     1 ||     1
         Form:             |       |       |     1 |       ||     1
         Beast             |       |       |     1 |       ||     1

Table legend: (Time is in decaauts)
 A = Elapsed time spent in this place.
 B = Non-inter-level travel time spent in this place.
 C = Inter-level travel time spent in this place.
 D = Time resting spent in this place.
 E = Time spent auto-exploring this place.
 F = Levels seen in this place.
 G = Mean time per level.
                   A        B        C        D        E       F      G
               +--------+--------+--------+--------+--------+-----+--------+
         Total |  15720 |  14724 |    996 |   2051 |   9871 |  12 | 1310.0 |
       Dungeon |  14776 |  13780 |    996 |   1705 |   9871 |  10 | 1477.6 |
          Lair |    615 |    615 |      0 |    268 |      0 |   1 |  615.0 |
       Volcano |    328 |    328 |      0 |     77 |      0 |   1 |  328.0 |
               +--------+--------+--------+--------+--------+-----+--------+

Top non-repeatable levels by time:
     D:9: 2841 daAuts
     D:5: 1690 daAuts
     D:7: 1504 daAuts
     D:8: 1415 daAuts
    D:10: 1406 daAuts
     D:4: 1340 daAuts
     D:6: 1338 daAuts
     D:2: 1320 daAuts
     D:3: 1176 daAuts
     D:1: 743 daAuts
  Lair:1: 615 daAuts
 Volcano: 328 daAuts
